[Event "4NCL 2021-22"]
[Site "England"]
[Date "2022.04.30"]
[Round "7.47"]
[White "Chow, Samuel"]
[Black "Willson, Ollie"]
[Result "1-0"]
[ECO "E11"]
[WhiteElo "2400"]
[BlackElo "2108"]
[Annotator "TA"]
[PlyCount "187"]
[EventDate "2021.11.27"]
[EventType "team-tourn"]
[EventCountry "ENG"]
[SourceTitle "playchess.com"]
[Source "ChessBase"]
[SourceQuality "1"]
[TimeControl "40/6000+30:3000+30"]

1. d4 Nf6 2. c4 e6 3. Nf3 Bb4+ 4. Bd2 a5 5. a3 Be7 6. Nc3 {[%emt 0:01:06] E11: Bogo-Indian.} d5 7. Bf4 O-O 8. e3 {[%emt 0:00:53] White is slightly better.} (8. Qc2 {with more complications.} Nh5 9. Be5 Nd7 10. e3) 8... b6 9. Nb5 Na6 {[%emt 0:02:49] [#]} 10. Rc1 $146 ({Predecessor:} 10. Ne5 Bb7 11. h3 Re8 12. Rc1 c6 13. cxd5 cxb5 14. dxe6 fxe6 15. Bxb5 Rf8 16. f3 Rc8 17. O-O {0-1 (27) Braun,T (1891)-Slavic,N Subotica 2015}) 10... Bb7 11. Bd3 c6 12. Nc3 c5 13. cxd5 exd5 (13... Nxd5 {is more complex.} 14. Nxd5 Qxd5 15. O-O cxd4 16. exd4 Rac8) 14. O-O Nc7 15. Re1 Ne6 16. Be5 Bd6 17. Bb1 g6 18. Bxd6 (18. Ba2 $5 ) 18... Qxd6 19. dxc5 bxc5 20. e4 $1 {[%emt 0:05:38][%cal Be3e4,Be4d5][%mdl 32] Black must now prevent e5.} Qb6 (20... d4 $11 {keeps the balance.}) 21. exd5 $16 Rad8 22. Ba2 ({Don't do} 22. Na4 Qa7 $14) 22... Nf4 23. Na4 Qd6 24. Nxc5 Bxd5 25. Bxd5 Qxd5 26. Qxd5 Rxd5 27. b4 Nd3 28. Nxd3 Rxd3 29. bxa5 Ra8 30. Ne5 $1 Rxa3 31. Nc4 Ra2 32. Ra1 Rc2 33. Ra4 (33. Rec1 $142 Rxc1+ 34. Rxc1) 33... Nd5 34. Kf1 Nc3 (34... Ra7 $142) 35. Raa1 $1 Nd5 36. Rec1 Rxc1+ 37. Rxc1 {[%emt 0:00:05][%mdl 4096] Endgame KRN-KRN} Rb8 (37... Rc8 $16 38. Rd1 Rxc4) 38. Rd1 Rb4 (38... Nc7 $142 39. g3 Ne6) 39. Ne5 Nc3 40. Ra1 {[%emt 0:01:03] Strongly threatening a6.} Rb5 $2 {[%emt 0:00:34] [#]} (40... Nb5 {was worth a try.} 41. Nd3 Rb3) 41. a6 $1 {[%emt 0:04:15] Hoping for a7.} Rxe5 $18 {[%emt 0:01:16] KRN-KR} 42. a7 Re8 {[%emt 0:00:05] And now ...Ra8 would win.} 43. a8=Q Rxa8 44. Rxa8+ {[%emt 0:00:03] KR-KN} Kg7 45. Ra7 h5 $2 (45... Nd5 {keeps fighting.} 46. g3 Kf6) 46. Ke1 Kf6 47. Kd2 Nd5 48. Ke2 Ne7 $2 (48... g5 49. g3 Kg6) 49. Kf3 Nf5 50. Kf4 Ng7 51. Ra6+ Ne6+ 52. Ke4 Ke7 53. Ra2 Kf6 54. Ra3 Ng5+ 55. Kd5 Ne6 56. Rf3+ Ke7 57. Ke5 Nc5 58. Ra3 Nd7+ 59. Kf4 Kf6 60. Ra6+ Kg7 61. Rc6 Nf6 62. Rd6 Ne8 63. Rd8 Nf6 64. f3 Ng8 {[%emt 0:00:47] [#]} 65. Rd5 (65. Rxg8+ $142 $1 Kxg8 66. Ke5) 65... Ne7 66. Rc5 (66. Rd7 $142 Nf5 67. g4 hxg4 68. fxg4) 66... f6 $2 (66... Ng8 67. g4 hxg4 68. fxg4 Nf6) 67. Ke4 Kf7 68. Ra5 Ke6 69. Ra6+ Kf7 70. Kd4 Nf5+ 71. Kc5 g5 (71... Ke7 {was necessary.} 72. g3 Kf7) 72. Ra2 h4 73. Kd5 Ne7+ $2 (73... Kg6 74. f4 Kh6 75. fxg5+ Kxg5) 74. Ke4 {[%emt 0:01:50] Threatens to win with Ra7.} Kg6 75. Ra6 Nf5 76. Rc6 Ng7 77. Ra6 $2 ({White should try} 77. f4 $18 g4 78. Rc8) 77... Nh5 $2 (77... Nf5 $11 78. f4 g4) 78. Rb6 Nf4 79. g3 hxg3 80. hxg3 Ne2 81. g4 Nf4 82. Rb2 $2 (82. Rb7 {Intending Kd4 and mate.} Ng2 83. Kd5) 82... Ne6 $2 {[%emt 0:00:32] [#]} (82... Kf7 $18 83. Rb1 Kg6) 83. Kd5 $1 {[%emt 0:00:23] White mates.} Nf4+ 84. Kd6 f5 85. Rb5 fxg4 86. fxg4 Kf6 87. Rf5+ Kg6 88. Ke7 Nh5 89. Rf8 Nf4 90. Rg8+ Kh6 91. Kf6 Nd5+ 92. Kf7 Kh7 93. Rxg5 Nc7 94. Rh5# {[%emt 0:00:37] Weighted Error Value: White=0.12 (very precise) /Black=0.34} 1-0

[Event "4NCL 2021-22"]
[Site "England"]
[Date "2022.04.30"]
[Round "7.48"]
[White "Graham, Cassie M"]
[Black "Han, Yichen"]
[Result "1-0"]
[ECO "C55"]
[WhiteElo "1978"]
[BlackElo "2347"]
[Annotator "TA"]
[PlyCount "91"]
[EventDate "2021.11.27"]
[EventType "team-tourn"]
[EventCountry "ENG"]
[SourceTitle "playchess.com"]
[Source "ChessBase"]
[SourceQuality "1"]
[TimeControl "40/6000+30:3000+30"]

1. e4 e5 2. Nf3 Nc6 3. Bc4 Nf6 4. d3 Be7 5. c3 O-O 6. Bb3 d5 7. Nbd2 Bc5 {[%emt 0:06:11] Recently 7...Be6 got a lot of attention. C55: Two Knights: 4 d3, 4 d4 exd4 5 e5 and Max Lange Attack.} 8. h3 a6 9. Qe2 Re8 {[%emt 0:02:47] The position is equal.} 10. g4 Ba7 11. Nf1 Na5 {[%emt 0:00:58] [#]} 12. Bg5 $146 (12. Bc2 $11) ({Predecessor:} 12. Bc2 Bd7 13. N3d2 dxe4 14. dxe4 Bb5 15. Qf3 Nc4 16. Nxc4 Bxc4 17. Bg5 Re6 18. Ng3 {½-½ (45) Kofidis,S (2592)-Rause,O (2622) Argentina 1996}) 12... Nxb3 (12... dxe4 {feels hotter.} 13. dxe4 h6 14. Rd1 Qe7) 13. axb3 c6 14. Ng3 h6 15. Bh4 ({White should play} 15. Be3 $15) 15... g5 $17 16. Nxg5 hxg5 17. Bxg5 {[%emt 0:00:03] Strongly threatening Qf3.} Qd6 $1 18. Nf5 Bxf5 19. gxf5 Nh7 (19... b5 $17 20. h4 Kf8) 20. h4 Kh8 $1 21. O-O-O d4 (21... b5 $17 22. Kb1 Rg8) 22. Kc2 (22. c4 $1 $11 {was the only way to keep the balance.}) 22... f6 (22... dxc3 $17 23. bxc3 Rg8) 23. Bh6 {[%emt 0:02:06] Rhg1 is the strong threat.} Rg8 24. Rhg1 dxc3 25. bxc3 Qc5 26. Be3 Qf8 27. Rg6 (27. Bxa7 $11 {keeps the balance.} Rxg1 28. Rxg1 Rxa7 29. f4) 27... Qa3 ({Black should try} 27... Bxe3 $1 $17 28. Qxe3 Qa3) 28. Bc1 $11 {[%emt 0:00:54][%mdl 1024] White has compensation.} Qa2+ (28... Qc5 $16 {was worth a try.}) 29. Bb2 $18 {[%emt 0:00:06] And now Ra1 would win.} Qa5 30. Qh5 (30. Rdg1 $18 {has better winning chances.}) 30... Qc5 $2 {[%emt 0:08:28][%mdl 8192] A mistake that costs the game.} (30... Raf8 $16 {is a better defense.}) 31. Rd2 {[%emt 0:00:53] The board is on fire.} (31. Rxf6 $142 Raf8 32. Rh6) 31... Qe7 32. f4 $1 {[%emt 0:02:16][%cal Bf2f4,Bf4e5,Be5f6][%mdl 32] Threatens to win with fxe5.} Be3 33. fxe5 $1 ({Not} 33. Rdg2 Bxf4 34. d4 b5 $17) 33... Bxd2 $2 (33... Qxe5 34. Rdg2 Rxg6 35. Qxg6 Qe7) 34. exf6 Qf7 (34... Qd7 $142 35. f7 Be3 36. fxg8=N Rxg8) 35. Kxd2 {[%emt 0:00:34] aiming for Kc2.} Rgd8 (35... Qxb3 $2 36. Kc1 Qb6 37. f7) (35... b5 $142 36. c4 bxc4 37. bxc4 Rab8) 36. c4 {[%emt 0:00:46] Intending Rh6 and mate.} Rd7 37. Qh6 (37. e5 $142 Rxd3+ 38. Kxd3 Rd8+ 39. Kc2 Qd7 40. Kb1 Qd1+ 41. Qxd1 Rxd1+ 42. Kc2) 37... Rg8 38. e5 {[%emt 0:01:20][%cal Be4e5,Be5e6][%mdl 32] White threatens e6 and mate.} Qf8 39. Qh5 Qc5 40. e6 Qf2+ {[%emt 0:00:47] [#]} 41. Kc1 $1 {[%emt 0:09:32] White wants to mate with f7+.} ({Stronger than} 41. Qe2 {[#]} Rxd3+ $1 42. Kc1 Qxe2 $11) 41... Qe3+ 42. Kb1 {[%emt 0:02:50] White mates.} Qe1+ 43. Bc1 Qb4 44. Rxg8+ {[%emt 0:02:28][%mdl 64] Remove Defender} Kxg8 45. Qg6+ Kh8 46. f7 {[%emt 0:03:13] Weighted Error Value: White=0.37/Black=0.95} 1-0

[Event "4NCL 2021-22"]
[Site "England"]
[Date "2022.04.30"]
[Round "7.49"]
[White "Sarakauskas, Gediminas"]
[Black "Turner, Max N"]
[Result "1/2-1/2"]
[ECO "D11"]
[WhiteElo "2423"]
[BlackElo "2223"]
[Annotator "TA"]
[PlyCount "121"]
[EventDate "2021.11.27"]
[EventType "team-tourn"]
[EventCountry "ENG"]
[SourceTitle "playchess.com"]
[Source "ChessBase"]
[SourceQuality "1"]
[TimeControl "40/6000+30:3000+30"]

1. d4 Nf6 2. g3 d5 3. Bg2 c6 4. Nf3 Bf5 5. c4 e6 6. Nc3 Nbd7 7. O-O h6 8. Qb3 {[%emt 0:02:55] is now debated instead of 8.Nd2.} Qb6 9. c5 Qa6 {[%emt 0:09:02] D11: Slav Defence: 3 Nf3 sidelines and 3...Nf6 4 e3 Bg4.} 10. Re1 b6 11. cxb6 Qxb6 {[%emt 0:06:03] [#]} 12. Nd2 $146 ({Predecessor:} 12. Ne5 Rc8 13. Nxd7 Nxd7 14. e4 dxe4 15. Nxe4 Be7 16. Bf4 Bxe4 17. Bxe4 Nf6 18. Bg2 {0-1 (62) Liascovich,L (2447)-Peralta,F (2609) Saenz Pena 2013}) 12... Qxd4 13. Qb7 Rb8 14. Qxc6 Ng4 15. e3 Qb6 16. Qxb6 Rxb6 17. e4 dxe4 (17... Bc5 $11 18. Re2 dxe4) 18. Ndxe4 (18. Ncxe4 $5 Nge5 19. Nb3 $14) 18... Be7 19. Na4 Rb8 20. Bf4 {[%emt 0:02:36] [#] Hoping for Nd6+.} e5 21. Bd2 O-O 22. Nec3 Ngf6 23. Be3 a5 24. Rad1 Bb4 25. Ba7 Bxc3 26. bxc3 Rbc8 27. Rd6 Rc7 28. Ra6 Be6 29. Ra1 Bd5 {[%emt 0:05:33] The position is equal.} 30. Bxd5 Nxd5 31. Rxa5 Ra8 32. Rxd5 {[%emt 0:00:16] And now Bb6 would win.} Raxa7 33. Nb2 Rxc3 34. a4 e4 35. Nd1 Rc5 36. Ne3 Rxd5 37. Nxd5 $11 {[%emt 0:00:01][%mdl 4096] Endgame KRN-KRN} Ra5 38. Nc3 f5 39. Rb1 Nc5 40. Rb5 Rxb5 41. axb5 {[%emt 0:50:05][%cal Ba4b5,Bb5b6][%mdl 32] KN-KN} Kf7 42. g4 fxg4 43. b6 Ke6 44. Nxe4 Nb7 (44... Nxe4 $2 45. b7 $18) 45. Kg2 Kd5 46. Nc3+ Kc6 47. Kg3 Kxb6 48. Kxg4 Kc5 49. Kf5 Nd6+ 50. Kg6 Kd4 51. Nd1 Kd3 52. Kxg7 Nf5+ 53. Kg6 Nh4+ 54. Kxh6 {[%emt 0:00:00] Threatens to win with Kh5.} Nf3 55. h4 Nxh4 56. Kg5 Nf3+ 57. Kf4 Ke2 {[%emt 0:00:00] [#]} 58. Kg3 $1 {[%emt 0:00:00] White threatens Nc3+ and mate.} Nd2 (58... Ne5 59. Nc3+) 59. f4 Kxd1 60. f5 Ne4+ 61. Kf4 {[%emt 0:00:00] Weighted Error Value: White=0.03 (flawless) /Black=0.04 (flawless)} 1/2-1/2

[Event "4NCL 2021-22"]
[Site "England"]
[Date "2022.04.30"]
[Round "7.50"]
[White "Coathup, Roger H"]
[Black "Kanyamarala, Tarun"]
[Result "0-1"]
[ECO "A83"]
[WhiteElo "2154"]
[BlackElo "2321"]
[Annotator "TA RC"]
[PlyCount "56"]
[EventDate "2021.11.27"]
[EventType "team-tourn"]
[EventCountry "ENG"]
[SourceTitle "playchess.com"]
[Source "ChessBase"]
[SourceQuality "1"]
[TimeControl "40/6000+30:3000+30"]

1. d4 f5 2. e4 fxe4 3. Nc3 Nf6 4. Bg5 g6 5. Bxf6 exf6 6. Nxe4 d5 {[%emt 0:12:32] [#] White must now prevent ...Qe7.} 7. Ng3 {[%emt 0:08:35] A83: Dutch Defence: Staunton Gambit with 3 Nc3 Nf6 4 Bg5.} Bd6 8. Bd3 O-O {[%emt 0:01:39] [#]} 9. Qd2 $146 {[%emt 0:08:42] Black is slightly better.} ({Predecessor:} 9. N1e2 Nc6 10. c3 Re8 11. Qd2 a6 12. O-O-O b5 13. Kb1 b4 14. c4 dxc4 15. Bxc4+ {0-1 (37) Tirado Parra,A (1903)-Camarero Izquierdo,J (1731) Madrid 2017}) 9... Qe7+ 10. N1e2 f5 11. f4 (11. O-O-O $142) 11... Nd7 12. O-O Qh4 13. Rf3 Qh6 14. Nf1 Nf6 15. Ne3 Ng4 16. h3 (16. Nxg4 $1 $11 fxg4 17. Rf2) 16... Nf6 17. Re1 Bd7 18. c4 c6 19. cxd5 cxd5 ({Much less strong is} 19... Nxd5 20. Bc4 $14) 20. Nxd5 $2 {[%emt 0:11:21] Loses the game.} Nxd5 $19 21. Bc4 {[%emt 0:00:08] [#]} Bc6 ({Weaker is} 21... Be6 22. Nc3 Nxf4 23. Rxe6 $11 (23. Bxe6+ Kg7 $15)) 22. Nc3 Bb4 23. Qe3 Bxc3 24. bxc3 Rae8 {[%emt 0:01:00] Prevents Qe5.} 25. Bxd5+ $2 (25. Qc1) 25... Bxd5 {[%emt 0:00:15] Black is clearly winning.} 26. Qxe8 Rxe8 27. Rxe8+ Kf7 28. Rfe3 Be4 {[%emt 0:02:10] Weighted Error Value: White=0.56/Black=0.11 (very precise)} 0-1

[Event "4NCL 2021-22"]
[Site "England"]
[Date "2022.04.30"]
[Round "7.51"]
[White "Delaney, Killian"]
[Black "Taylor, Adam A"]
[Result "1-0"]
[ECO "E18"]
[WhiteElo "2292"]
[BlackElo "2277"]
[Annotator "TA"]
[PlyCount "71"]
[EventDate "2021.11.27"]
[EventType "team-tourn"]
[EventCountry "ENG"]
[SourceTitle "playchess.com"]
[Source "ChessBase"]
[SourceQuality "1"]
[TimeControl "40/6000+30:3000+30"]

1. c4 e6 2. Nf3 Nf6 3. g3 b6 4. Bg2 Bb7 5. O-O Be7 6. d4 O-O 7. Nc3 Ne4 8. d5 {[%emt 0:00:35] 8.Bd2 gains popularity.} Nxc3 9. bxc3 Bf6 {[%emt 0:03:52] E18: Queen's Indian: Old Main Line (4 g3 Bb7 5 Bg2 Be7 6 0-0 0-0 7 Nc3).} 10. e4 d6 {[%emt 0:16:33] Prevents e5.} 11. Nd4 e5 {[%emt 0:02:03] The position is equal.} 12. Nc2 Nd7 13. Ne3 g6 14. Qc2 {[%emt 0:11:21] [#]} Bg7 $146 ({Predecessor:} 14... h5 15. Bh3 Bc8 16. f4 Nc5 17. f5 Bg5 18. Ng2 Bd7 19. Qe2 Bxc1 20. Raxc1 Qg5 21. Rcd1 a5 22. Nh4 Qh6 23. Bg2 g5 24. Qe3 {½-½ (24) Feist,M (2107)-Bade,H (1991) Germany 2019}) 15. f4 (15. Re1 $15) 15... exf4 $17 16. gxf4 Qh4 17. Bd2 Rae8 18. Be1 Qe7 19. f5 Nc5 (19... Bc8 $19 {aiming for ...Nc5.} 20. Bg3 Nc5) 20. Ng4 Nxe4 21. f6 Qd7 (21... Nxf6 $17 22. Bh4 Nxg4 23. Bxe7 Rxe7) 22. fxg7 Kxg7 23. Nf2 ({Don't blunder} 23. Bxe4 $2 Qxg4+ 24. Bg3 Rxe4 $19) 23... Nc5 24. Bd2 f5 25. Nd3 Ba6 (25... Qa4 $16 {is a better defense.} 26. Qxa4 Nxa4) 26. Nxc5 $18 bxc5 27. Qd3 Qa4 (27... h6 $16 28. Rae1 Rxe1 29. Rxe1 Qf7) 28. Qh3 {[%emt 0:00:10] [#] Strongly threatening Bh6+.} Kg8 $2 (28... h5 {might work better.} 29. Qg3 Bxc4) 29. Bh6 Rf7 30. Rfe1 {[%emt 0:00:08] Qh4 is the strong threat.} Rfe7 31. Rxe7 Rxe7 32. Qh4 Re8 33. Re1 {[%emt 0:01:01] [#] White wants to mate with Rxe8+.} ({Much less strong is} 33. Qf6 Qd7 34. Rb1 Qf7 $18) 33... Kf7 34. Bg5 Kg8 35. h3 {[%emt 0:01:28] Black must now prevent Bd8.} Qd7 (35... Bc8 36. Bf1 Qd7) 36. Re6 {[%emt 0:00:26] Weighted Error Value: White=0.17 (very precise) /Black=0.44} 1-0

[Event "4NCL 2021-22"]
[Site "England"]
[Date "2022.04.30"]
[Round "7.52"]
[White "Dunn, Andrew"]
[Black "Wall, Gavin"]
[Result "0-1"]
[ECO "A81"]
[WhiteElo "2153"]
[BlackElo "2312"]
[Annotator "TA"]
[PlyCount "78"]
[EventDate "2021.11.27"]
[EventType "team-tourn"]
[EventCountry "ENG"]
[SourceTitle "playchess.com"]
[Source "ChessBase"]
[SourceQuality "1"]
[TimeControl "40/6000+30:3000+30"]

1. d4 f5 2. g3 Nf6 3. Bg2 g6 4. Nh3 Nc6 5. Nf4 d6 6. c3 {[%emt 0:13:16] A81: Dutch Defence: 2 g3.} (6. d5 $14 Ne5 7. c4) 6... e5 $11 7. dxe5 dxe5 {[%emt 0:02:39] [#]} 8. Qxd8+ $146 {[%emt 0:00:59] The position is equal.} ({Predecessor:} 8. Bxc6+ bxc6 9. Qxd8+ Kxd8 10. Nd3 Bd6 11. Bg5 Ke7 12. Nd2 h6 13. Bxf6+ Kxf6 14. e4 {1-0 (39) Fauland,A (2455)-Yrjola,J (2510) Novi Sad 1990}) 8... Nxd8 9. Nd3 Nf7 10. Be3 Ng4 11. Bc5 e4 12. Bxf8 Rxf8 13. Nb4 Be6 {[%emt 0:01:21] Inhibits Nd5.} 14. Nc2 O-O-O 15. h3 Nge5 {[%emt 0:02:14] Black is much more active.} 16. Nd2 c5 17. b3 h5 18. O-O-O h4 19. c4 Nc6 20. Nb1 Nd4 21. Nc3 hxg3 22. fxg3 a6 23. Kb2 Ne5 24. Ne3 b5 25. cxb5 axb5 26. Rd2 Rf7 (26... Kb7 $17 27. Rhd1 Rd7) 27. Rc1 {[%emt 0:01:05][%cal Oc3b5] Nxb5! is the strong threat.} Rc7 28. Bf1 Rd6 29. Nc2 (29. Rxd4 $5 cxd4 30. Nxb5 Rxc1 31. Nxd6+ Kd7 32. Kxc1 Kxd6 33. Ng2 $11) 29... b4 30. Na4 Nb5 31. Rxd6 Nxd6 32. Ne3 c4 (32... Nd7 $15) 33. Nb6+ Kb7 (33... Kb8 $5 ) 34. Nbxc4 (34. Nbd5 $1 $14 {is the one way to stay ahead.}) 34... Ndxc4+ ({And not} 34... Nexc4+ 35. bxc4 Kb6 36. a3 $17) ({Black should try} 34... Bxc4 $19 35. Nc2 Be6 36. Nxb4 Rxc1 37. Kxc1 Ne8) 35. bxc4 $15 Bxc4 (35... Kc6 $15 36. Nd5 Ra7 37. Nxb4+ Kc5) 36. Rc2 Kb6 37. h4 $1 {[%emt 0:00:57][%cal Oh4h5] [#]} Rc5 (37... Rc6 $1 $17) 38. Bh3 $2 {[%emt 0:00:42][%mdl 8192] [#]} (38. a3 $1 $11 {and White has nothing to worry.}) 38... Bxe2 $1 $19 39. Rd2 (39. Bf1 Bxf1) 39... Nd3+ {[%emt 0:01:07] Weighted Error Value: White=0.60/Black=0.26 (precise)} 0-1

[Event "4NCL 2021-22"]
[Site "England"]
[Date "2022.04.30"]
[Round "7.53"]
[White "Murray, David"]
[Black "Oswald, Graeme"]
[Result "1-0"]
[ECO "B90"]
[WhiteElo "2108"]
[BlackElo "2198"]
[Annotator "TA"]
[PlyCount "93"]
[EventDate "2021.11.27"]
[EventType "team-tourn"]
[EventCountry "ENG"]
[SourceTitle "playchess.com"]
[Source "ChessBase"]
[SourceQuality "1"]
[TimeControl "40/6000+30:3000+30"]

1. e4 c5 2. Nf3 d6 3. d4 cxd4 4. Nxd4 Nf6 5. Nc3 a6 6. h3 e5 7. Nb3 Be7 {[%emt 0:02:45] B90: Sicilian Najdorf: Unusual White 6th moves, 6 Be3 Ng4 and 6 Be3 e5.} 8. Be3 Be6 9. Qf3 Nc6 {[%emt 0:09:54] The position is equal. 9...Nbd7 is the modern continuation.} 10. O-O-O Qc7 (10... Rc8 $11) 11. Kb1 b5 12. g4 h6 13. Rg1 {[%emt 0:04:49] [#]} Na5 $146 ({Predecessor:} 13... Rc8 14. h4 Nd7 15. Nd5 Bxd5 16. exd5 Nd8 17. Bd3 Bxh4 18. Rh1 Be7 19. g5 Nc5 20. Nxc5 dxc5 21. gxh6 g6 22. d6 Bxd6 23. Qf6 Ne6 24. Bxg6 {1-0 (24) Shyam,S (2484)-Padmini,R (2313) Kolkata 2012}) 14. Nxa5 Qxa5 15. Nd5 Bxd5 16. exd5 Rc8 (16... Nd7 $14) 17. h4 $16 Qa4 18. Qf5 Nd7 (18... Rc7 $1 $14) 19. h5 $1 Rc7 (19... e4 $2 20. Rd2 $16 (20. b3 Qb4 $16)) 20. f4 {[%emt 0:05:20] Prevents Bg5.} e4 (20... exf4 $16 {was worth a try.} 21. Bxf4 Kd8) 21. Rg2 {[%emt 0:08:43] aiming for Rd4. Active counter play!} ({Weaker is} 21. b3 Qa3 $16) 21... Bf6 {[%emt 0:01:55] [#]} 22. Bd4 $1 Bxd4 (22... Kd8 23. Qxe4) 23. Qxe4+ Be5 24. Qxa4 bxa4 25. fxe5 Nxe5 26. Bxa6 O-O 27. g5 (27. Rd4 $16) 27... hxg5 $11 28. Rxg5 f5 $1 29. Bb5 a3 30. b3 Re7 (30... Kh7 $11) 31. Bf1 (31. c4 $14) 31... f4 (31... Kh7 $11 {deserves consideration.}) 32. c4 $1 $14 Nd7 (32... Nf3 $142 33. Rg6 Rfe8) 33. Kc2 $16 f3 34. b4 f2 {[%emt 0:01:09] [#]} 35. h6 $1 Rf4 {[%emt 0:03:22] [#]} 36. Rxg7+ $1 Rxg7 37. hxg7 Kxg7 {[%emt 0:00:23][%mdl 4096] Endgame KRB-KRN} 38. Kb3 Ne5 $2 (38... Kf8 $16 39. Kxa3 Rf3+ 40. Kb2 Nb6) 39. c5 $18 Rf3+ 40. Ka4 {[%emt 0:00:13] Hoping for c6.} Ng4 $2 (40... dxc5 41. bxc5 Nf7) 41. c6 {[%emt 0:52:12] White is clearly winning.} Rc3 42. Ka5 Rc2 43. Rd3 {[%emt 0:00:00] Strongly threatening Rg3.} Rxa2 44. Rg3 Kf6 45. Rxg4 {[%emt 0:00:00] Threatens to win with c7.} Rd2 46. b5 Rxd5 47. Rf4+ {[%emt 0:00:00] Weighted Error Value: White=0.12 (very precise) /Black=0.35} 1-0

[Event "4NCL 2021-22"]
[Site "England"]
[Date "2022.04.30"]
[Round "7.54"]
[White "Henderson, David"]
[Black "Kanyamarala, Trisha"]
[Result "1-0"]
[ECO "A21"]
[WhiteElo "2108"]
[BlackElo "2089"]
[Annotator "TA"]
[PlyCount "169"]
[EventDate "2021.11.27"]
[EventType "team-tourn"]
[EventCountry "ENG"]
[SourceTitle "playchess.com"]
[Source "ChessBase"]
[SourceQuality "1"]
[TimeControl "40/6000+30:3000+30"]

1. c4 e5 2. g3 Nc6 3. Bg2 f5 4. Nc3 Nf6 5. Nf3 d6 6. d3 Be7 7. O-O O-O 8. Nd5 {[%emt 0:03:34] A21: English Opening: 1...e5 2 Nc3.} Kh8 9. e3 {[%emt 0:04:58] [#]} Nb8 $146 ({Predecessor:} 9... Nxd5 10. cxd5 Nb8 11. b3 c6 12. Nd2 cxd5 13. Bxd5 Nc6 14. Nc4 Bd7 15. Bb2 b5 {0-1 (62) Callenberg,R (2008)-Friedrichs,K (2222) Germany 2016}) 10. Qc2 {[%emt 0:10:52] White is slightly better.} Nxd5 11. cxd5 c6 12. Ne1 Bd7 13. Bd2 Qb6 14. Bc3 f4 15. Qe2 fxe3 16. Qxe3 Qd8 17. d4 Bg5 18. Qe2 (18. Qd3 $5 ) 18... exd4 19. Bxd4 cxd5 20. Bxd5 Bc6 21. Bg2 Nd7 22. Bxc6 $40 {[%emt 0:04:05][%mdl 128] White attacks.} bxc6 23. Rd1 Bf6 24. Bxf6 Qxf6 25. Nd3 Nb6 26. Rfe1 d5 ({Black should play} 26... Nd5 $14) 27. Nc5 h6 28. b3 {[%emt 0:02:18] White is more active.} Rae8 29. Qd2 Qf3 (29... Qf5 $14) 30. Nd3 (30. Ne6 $142) 30... Nd7 $16 31. Nf4 {[%emt 0:00:06] Strongly threatening Ng6+.} Qg4 {[%emt 0:00:24] Prevents Ng6+.} 32. h3 Qf5 33. Qd3 (33. Qc3 {is interesting.} Rxe1+ 34. Rxe1 c5 35. b4) 33... Qxd3 34. Nxd3 Kg8 35. Rc1 (35. Nb4 $14 {feels stronger.}) 35... Rxe1+ $11 36. Rxe1 {[%emt 0:00:07][%mdl 4096] Endgame KRN-KRN} Kf7 37. Kf1 Rc8 38. Re2 c5 39. Ne5+ Nxe5 40. Rxe5 {[%emt 0:00:04] KR-KR} Rd8 41. Ke2 Rd6 42. Kd3 a5 43. Kc3 Rd8 (43... g5 $11 {deserves consideration.}) 44. Kd3 (44. h4 $14) 44... a4 45. bxa4 Ra8 (45... g5 $11 {might be stronger.}) 46. Rxd5 $14 Rxa4 47. Rxc5 Rxa2 48. Rc2 Ra3+ 49. Ke4 Ra4+ 50. Kf3 Ra3+ 51. Kg4 Ra4+ 52. Kh5 Ra5+ 53. Kh4 $1 Ra4+ 54. g4 Ra3 {[%emt 0:00:00] ( -> ...g5+)} 55. f4 {[%emt 0:00:00] Inhibits g5+.} g5+ $2 {[%emt 0:00:00][%mdl 8192] [#]} (55... Rf3 $11) 56. fxg5 {[%emt 0:00:00] Intending Rc6 and mate.} hxg5+ 57. Kxg5 Rxh3 58. Rc7+ Kf8 59. Kg6 Ra3 60. Rc6 $2 (60. g5 {mates} Rg3 61. Rc8+ Ke7 62. Rg8 Rg1 63. Kh7 Rg4 64. g6 Rh4+ 65. Kg7) 60... Rg3 $2 {[%emt 0:00:00][%mdl 8192] [#]} (60... Ra8 $14) 61. g5 Rg1 62. Ra6 Rg2 63. Ra8+ Ke7 64. Kh6 Kf7 65. Ra7+ Kg8 66. Kg6 Kf8 67. Ra5 Rg1 68. Ra8+ Ke7 69. Rg8 Rg2 70. Kh7 Kf7 71. g6+ Kf6 72. Rf8+ Ke7 73. Rf3 Rh2+ 74. Kg7 Rg2 75. Re3+ Kd7 76. Kf7 Rf2+ 77. Kg8 Rg2 78. g7 Kd6 79. Rh3 Ke6 80. Kh7 Kf7 81. Rf3+ Ke7 82. g8=Q Rh2+ 83. Kg6 Rg2+ 84. Kh7 Rh2+ $1 85. Kg7 {[%emt 0:00:00] Weighted Error Value: White=0.30/Black=0.49} 1-0